 Dungeon Crawl Stone Soup version 0.30-a0-711-gf4ac18a38d (webtiles) character file.

Game seed: 8062603481019268651

140 Crownlay the Grave Robber (level 5, -2/35 HPs)
             Began as a Demonspawn Necromancer on Jan 22, 2023.
             Slain by a phantom (5 damage)
             ... on level 6 of the Dungeon.
             The game lasted 00:05:29 (2870 turns).

Crownlay the Grave Robber (Demonspawn Necromancer)  Turns: 2870, Time: 00:05:30

Health: -2/35      AC:  2    Str:  6 (8)  XL:     5   Next: 2%
Magic:  8/8        EV: 12    Int: 17 (19) God:
Gold:   73         SH:  0    Dex: 12 (13) Spells: 3/8 levels left

rFire   . . .      SeeInvis .    f - +0 whip
rCold   . . .      Faith    .    (no shield)
rNeg    . . .      Spirit   .    a - +0 robe
rPois   .          Reflect  .    (no helmet)
rElec   .          Harm     .    (no cloak)
rCorr   .          Rampage  .    (no gloves)
Will    .....                    (no boots)
Stlth   ++                       (no amulet)
HPRegen 0.25/turn                (no ring)
MPRegen 0.11/turn                (no ring)

@: no status effects
A: weakness stinger 1, demonic touch 1
a: no special abilities


You were on level 6 of the Dungeon.
You visited 1 branch of the dungeon, and saw 4 of its levels.

You collected 73 gold pieces.

Inventory:

Hand Weapons
 f - a +0 whip (weapon)
Armour
 a - a +0 robe (worn)
Jewellery
 g - a ring of see invisible
Wands
 t - a wand of flame (12)
Scrolls
 e - a scroll of teleportation {unknown}
 j - 2 scrolls of identify
 m - a scroll of immolation {unknown}
 u - a scroll of torment {unknown}
Potions
 b - 2 potions of magic
 c - a potion of mutation {unknown}
 d - a potion of brilliance {unknown}
 i - 2 potions of degeneration
 k - a potion of curing {unknown}
 l - a potion of might {unknown}
 n - a potion of flight {unknown}
 p - a potion of ambrosia {unknown}
 r - a potion of lignification
 s - a potion of attraction {unknown}


   Skills:
 - Level 1.7 Dodging
 - Level 1.7 Stealth
 - Level 2.0 Spellcasting
 + Level 7.0 Necromancy


You had 3 spell levels left.
You knew the following spells:

 Your Spells              Type           Power      Damage    Failure   Level
a - Necrotise             Necr           100%       1d9       1%          1
b - Animate Dead          Necr           25%        N/A       11%         4

Your spell library contained the following spells:

 Spells                   Type           Power      Damage    Failure   Level
 Vampiric Draining        Necr           25%        2d7       3%          3
 Gell's Gravitas          Tloc           1%         N/A       50%         3
 Portal Projectile        Hex/Tloc       2%         N/A       50%         3
 Teleport Other           Tloc           1%         N/A       50%         3
 Tukima's Dance           Hex            1%         N/A       50%         3
 Agony                    Necr           25%        N/A       30%         5
 Blade Hands              Tmut           0%         N/A       99%         5
 Dispersal                Tloc           0%         N/A       100%        6


Dungeon Overview and Level Annotations

Branches:
Dungeon (3/15)

Altars:

Annotations:
D:3 Terence


Innate Abilities, Weirdness & Mutations

You have a small tail.
Your touch may inflict minor irresistible damage on your foes.


Message History

Okay, then.
Okay, then.
You hit the phantom.
The phantom is moderately damaged.
The phantom hits you.
* * * LOW HITPOINT WARNING * * *
You hit the phantom.
The phantom is heavily damaged.
The phantom hits you.
* * * LOW HITPOINT WARNING * * *
You closely miss the phantom.
The phantom is heavily damaged.
Your transformation is almost over.
The phantom hits you but does no damage. x2
You hit the phantom.
The phantom is heavily damaged.
The phantom hits you but does no damage.
You barely miss the phantom.
The phantom is heavily damaged.
The phantom hits you but does no damage.
You barely miss the phantom.
The phantom is heavily damaged.
The phantom hits you but does no damage.
You hit the phantom.
The phantom is heavily damaged.
The phantom completely misses you.
You hit the phantom.
The phantom is severely damaged.
The phantom hits you but does no damage.
You hit the phantom but do no damage.
The phantom is severely damaged.
The phantom hits you but does no damage.
You hit the phantom but do no damage.
The phantom is severely damaged.
You feel less wooden.
Your +0 robe unmelds from your body.
The phantom barely misses you.
You barely miss the phantom.
The phantom is severely damaged.
The phantom hits you.
You die...

.........# #....
....#...# ##.###
.......# #..#
#......## ##.##
#.......## #..# ##
#........# ##..###.
##..).?# #.......
#...W.###
#....#####
#..@....####.###
#....#.........##
.......###........#
#.#.....#
###......## .
#...... ##.......##
# ##...#.
##.).......####
#...
.................
....
#................
................##


You could see a phantom.

Vanquished Creatures
  Natasha (thrice) (D:2)
  2 adders (D:3)
  An ufetubus (D:6)
  2 dart slugs
  4 bats
  2 endoplasms
  3 giant cockroaches
  2 goblins
  3 hobgoblins
  3 quokkas
  2 ball pythons (D:1)
  3 frilled lizards
  5 kobolds
  6 rats
41 creatures vanquished.

Notes
Turn   | Place    | Note
-------+----------+-------------------------------------------
     0 | D:1      | Crownlay the Demonspawn Necromancer began the quest for the
                  | Orb.
     0 | D:1      | Reached XP level 1. HP: 13/13 MP: 3/3
   354 | D:1      | Discovered your monstrous ancestry.
   354 | D:1      | Gained mutation: You have a small tail. [demonic ancestry]
   354 | D:1      | Reached XP level 2. HP: 19/19 MP: 1/5
   421 | D:1      | Reached skill level 5 in Necromancy
   773 | D:1      | Found a faded altar of an unknown god.
  1210 | D:2      | Noticed Natasha
  1217 | D:2      | Killed Natasha
  1218 | D:2      | Reached XP level 3. HP: 16/24 MP: 0/6
  1498 | D:2      | Noticed Natasha
  1503 | D:2      | Killed Natasha
  1504 | D:2      | Reached skill level 6 in Necromancy
  1504 | D:2      | Gained mutation: Your touch may inflict minor irresistible
                  | damage on your foes. [demonic ancestry]
  1504 | D:2      | Reached XP level 4. HP: 30/30 MP: 2/7
  1725 | D:2      | Noticed Natasha
  1731 | D:2      | Killed Natasha
  2536 | D:3      | Noticed Terence
  2560 | D:3      | You fall into a shaft and drop 3 floors!
  2582 | D:6      | Learned a level 4 spell: Animate Dead
  2805 | D:6      | Noticed a phantom
  2839 | D:6      | Identified a scroll of acquirement
  2839 | D:6      | Acquired the +6 broad axe "Hes Tiakk" {flame, rElec rF-
                  | Str-2 Int+8}
  2859 | D:6      | Reached skill level 7 in Necromancy
  2859 | D:6      | Reached XP level 5. HP: 8/35 MP: 6/8
  2870 | D:6      | Slain by a phantom

Illustrated notes

Levels and vault maps discovered:
D:1:      heliophobic_arrival_henge, layout_loops_ring,
          chequers_ecumenical_altar_lobes
D:2:      layout_loops_cross, nicolae_figureground_pulse, uniq_natasha
D:3:      layout_basic, uniq_terence
D:6:      layout_layer_cave, minmay_temple_entry_hall, minmay_holes,
          minmay_misc_feat_pillars

Skill      XL: |  1  2  3  4 |
---------------+-------------+-----
Necromancy     | 5 6 7 |  7.0
Dodging        | |  1.7
Stealth        | |  1.7
Spellcasting   | |  2.0

Action                     |  1- 3 |  4- 6 || total
---------------------------+-------+-------++-------
  Melee: Whip              |     2 |    31 ||    33
         Tailslap          |       |     1 ||     1
         Touch             |       |     1 ||     1
   Cast: Necrotise         |    50 |    26 ||    76
         Animate Dead      |       |     1 ||     1
    Use: Potion            |       |     5 ||     5
         Scroll            |       |     3 ||     3
 Armour: Robe              |     1 |     9 ||    10
         Skin              |       |    46 ||    46
  Dodge: Dodged            |     6 |    55 ||    61

Table legend: (Time is in decaauts)
 A = Elapsed time spent in this place.
 B = Non-inter-level travel time spent in this place.
 C = Inter-level travel time spent in this place.
 D = Time resting spent in this place.
 E = Time spent auto-exploring this place.
 F = Levels seen in this place.
 G = Mean time per level.
                   A        B        C        D        E       F      G
               +--------+--------+--------+--------+--------+-----+--------+
         Total |   2879 |   2812 |     67 |      0 |   2374 |   4 |  719.8 |
       Dungeon |   2879 |   2812 |     67 |      0 |   2374 |   4 |  719.8 |
               +--------+--------+--------+--------+--------+-----+--------+

Top non-repeatable levels by time:
     D:1: 964 daAuts
     D:2: 919 daAuts
     D:3: 682 daAuts
     D:6: 312 daAuts
